[Event "Team 45 45 League T24"]
[Site "Internet Chess Club"]
[Date "2004.10.01"]
[Round "4"]
[White "JSC"]
[Black "mitdale"]
[Result "1-0"]
[WhiteElo "1918"]
[BlackElo "1673"]
[TimeControl "2700+45"]

1. e4 c5 2. c3 Nf6 3. e5 Nd5 4. d4 cxd4 5. Nf3 Nc6 6. cxd4 d6 7. Bc4 Nb6 8. Bb5
dxe5 9. Nxe5 Bd7 10. Bxc6 Bxc6 11. Nxc6 bxc6 12. O-O g6 13. Nc3 Bg7 14. Be3 O-O
15. Qf3 Rc8 16. Rac1 Bxd4 17. Rfd1 e5 18. Bh6 Re8 19. Ne4 Nd5 20. Bg5 Qc7 21.
Bh6 f5 22. Nc3 Nxc3 23. bxc3 e4 24. Qe2 Bf6 25. Be3 Red8 26. Qc4+ Kh8 27. Bd4
Qg7 28. Bxf6 Qxf6 29. Qa6 Ra8 30. Rxd8+ Rxd8 31. h3 Qg5 32. Rb1 Qf6 33. Qxa7
Qxc3 34. Rb7 Qc1+ 35. Kh2 Qf4+ 36. g3 Qh6 37. Qb6 Qd2 38. Kg2 Qd5 39. Qc7 e3+
40. Kh2 Qg8 41. Qe5+ {Black resigns} 1-0

[Event "Team 45 45 League T24"]
[Site "Internet Chess Club"]
[Date "2004.10.03"]
[Round "4"]
[White "Xidnan"]
[Black "fernbap"]
[Result "0-1"]
[WhiteElo "1506"]
[BlackElo "1720"]
[TimeControl "2700+45"]

1. d4 Nf6 2. c4 g6 3. Nc3 d5 4. e3 Bg7 5. Nf3 O-O 6. Be2 c6 7. O-O Nbd7 8. b3
dxc4 9. bxc4 c5 10. Rb1 cxd4 11. Nxd4 a6 12. Ba3 Re8 13. Bf3 Rb8 14. Qa4 Ne5 15.
Bd5 e6 16. Be4 Bd7 17. Qc2 Nxc4 18. Bc1 Nxe4 19. Qxe4 b5 20. Rd1 Qc7 21. Rb3 e5
22. Nc2 Bf5 23. Nd5 Qb7 24. Nf6+ Bxf6 25. Qxb7 Rxb7 26. Nb4 Bg7 27. Rc3 Ra7 28.
Rd5 Be6 29. Rd1 e4 30. Rc2 Raa8 31. Nc6 Rac8 32. Nd4 Bg4 33. Re1 Rcd8 34. a4
Bxd4 35. exd4 Rxd4 36. axb5 axb5 37. f3 Bd7 38. fxe4 Rdxe4 39. Rxe4 Rxe4 40. Bh6
Rh4 41. Bg5 Rh5 42. h4 h6 43. Bf6 Rf5 44. Ba1 Ne3 45. Ra2 Kf8 46. Ra8+ Ke7 47.
Ra7 Kd6 48. Bd4 Rf1+ 49. Kh2 Nf5 50. Bc3 Be6 51. Bb4+ Kc6 52. Ra6+ Kb7 53. Ra5
Kb6 54. Ra8 Bc4 55. Rb8+ Kc7 56. Ra8 Nxh4 57. Ra7+ Kb6 58. Re7 Nf5 59. Re8 Rb1
60. Bf8 h5 61. Rc8 Bd5 62. Rc2 {White resigns} 0-1

[Event "Team 45 45 League T24"]
[Site "Internet Chess Club"]
[Date "2004.10.04"]
[Round "4"]
[White "softbunney"]
[Black "Zillmer"]
[Result "1-0"]
[WhiteElo "2197"]
[BlackElo "2146"]
[TimeControl "2700+45"]

1. d4 d5 2. c4 e6 3. Nc3 Be7 4. Nf3 Nf6 5. Bg5 O-O 6. e3 c6 7. Rc1 Nbd7 8. Bd3
Re8 9. O-O h6 10. Bh4 dxc4 11. Bxc4 Nb6 12. Bd3 Bd6 13. e4 e5 14. dxe5 Bxe5 15.
Nxe5 Rxe5 16. f4 Re8 17. e5 g5 18. fxg5 Ng4 19. g6 Qd4+ 20. Bf2 Nxf2 21. gxf7+
Kxf7 22. Bg6+ {Black resigns} 1-0

[Event "Team 45 45 League T24"]
[Site "Internet Chess Club"]
[Date "2004.10.03"]
[Round "4"]
[White "MissedMate"]
[Black "Falhari"]
[Result "1-0"]
[WhiteElo "1963"]
[BlackElo "1991"]
[TimeControl "2700+45"]

1. e4 e6 2. d4 d5 3. exd5 exd5 4. Nf3 Nf6 5. Bg5 Bd6 6. Bd3 O-O 7. O-O Bg4 8.
Nbd2 Nbd7 9. c3 c5 10. Qc2 cxd4 11. Nxd4 h6 12. Bh4 Nc5 13. Bf5 Bxf5 14. Qxf5
Ncd7 15. Rfe1 a6 16. Re2 Qc7 17. h3 Rfe8 18. Rae1 Rxe2 19. Rxe2 b5 20. a3 Rb8
21. Bxf6 Nxf6 22. Qd3 Nh5 23. g3 Nf6 24. Kg2 Qd7 25. Qf3 Re8 26. Rxe8+ Qxe8 27.
Nf5 Bc5 28. Nxh6+ Kh7 29. Ng4 Nxg4 30. hxg4 Qe6 31. Nb3 Bb6 32. Qf5+ g6 33. Qxe6
fxe6 34. f4 g5 35. Kf3 Kg6 36. Nd4 Bxd4 37. cxd4 a5 38. b4 a4 39. Ke3 Kf6 40.
fxg5+ Kxg5 41. Kf3 Kf6 42. Kf4 {Black resigns} 1-0

[Event "Team 45 45 League T24"]
[Site "Internet Chess Club"]
[Date "2004.10.03"]
[Round "4"]
[White "Zornorph"]
[Black "Sergio56"]
[Result "1-0"]
[WhiteElo "1893"]
[BlackElo "1883"]
[TimeControl "2700+45"]

1. c4 Nf6 2. Nc3 g6 3. d4 d5 4. cxd5 Nxd5 5. e4 Nxc3 6. bxc3 Bg7 7. Bc4 O-O 8.
Ne2 c5 9. O-O Nc6 10. Be3 b6 11. Rc1 Na5 12. Bd5 Bb7 13. Bxb7 Nxb7 14. Qa4 Qc7
15. Rfd1 Rfd8 16. Bg5 Qd7 17. Qa3 h6 18. Be3 Na5 19. Rd3 Rac8 20. Rcd1 Qb5 21.
Bc1 e6 22. Qb2 Qc6 23. f3 f5 24. e5 g5 25. Ng3 cxd4 26. cxd4 Bxe5 27. Bxg5 hxg5
28. dxe5 Rxd3 29. Rxd3 Qc1+ 30. Qxc1 Rxc1+ 31. Nf1 Nc4 32. h4 Nxe5 33. Rd8+ Kg7
34. hxg5 Rc2 35. f4 Nc6 36. Rd7+ Kf8 37. Rc7 Nb4 38. Rxa7 Rxa2 39. Rb7 Nd5 40.
g3 Rb2 41. Nh2 Nc3 42. Nf1 Nd5 43. Kh1 b5 44. Nh2 b4 45. Nf3 Rb1+ 46. Kh2 Rd1
47. Ne5 Rc1 48. Nd3 Rc3 49. Nxb4 Rb3 50. Rb8+ Kg7 51. Nc6 Rc3 52. Rb7+ Kf8 53.
Nd4 Re3 54. Kg2 Re4 55. Nc6 Re3 56. Nd4 Re4 57. Nf3 Nc3 58. Kf2 Re2+ 59. Kf1 Re3
60. Nd4 {Black forfeits on time} 1-0

[Event "Team 45 45 League T24"]
[Site "Internet Chess Club"]
[Date "2004.10.03"]
[Round "4"]
[White "alastorx"]
[Black "Knight77"]
[Result "0-1"]
[WhiteElo "1882"]
[BlackElo "1861"]
[TimeControl "2700+45"]

1. d4 Nf6 2. Nc3 d5 3. Bg5 e6 4. Nf3 c5 5. e4 Be7 6. Bb5+ Nc6 7. Qd2 dxe4 8.
Bxf6 exf3 9. Bxe7 fxg2 10. Rg1 Qxe7 11. Rxg2 O-O 12. Qh6 f5 13. dxc5 Nd4 14. Bd3
Rf6 15. Qh3 Bd7 16. O-O-O Bc6 17. Rg3 Qxc5 18. Rdg1 g6 19. Qh4 Rf7 20. Qh6 Qf8
21. Qe3 f4 22. Rxg6+ hxg6 23. Rxg6+ Rg7 24. Qxd4 Rxg6 25. Bxg6 Qg7 26. Qd3 Qe7
27. Qh3 Rd8 28. Ne2 Qd7 29. b3 e5 30. Qh5 Qg7 31. h4 e4 32. Nc3 Rd6 33. Bh7+
Qxh7 34. Qg4+ Qg6 35. Qxf4 Qh6 {White resigns} 0-1

[Event "Team 45 45 League T24"]
[Site "Internet Chess Club"]
[Date "2004.10.02"]
[Round "4"]
[White "fileman"]
[Black "Anicca"]
[Result "0-1"]
[WhiteElo "2019"]
[BlackElo "2231"]
[TimeControl "2700+45"]

1. e4 c5 2. f4 Nc6 3. Nf3 g6 4. Bb5 Bg7 5. Nc3 Nd4 6. d3 e6 7. O-O a6 8. Bc4 b5
9. Bb3 Ne7 10. Be3 Nec6 11. Ne2 Nxe2+ 12. Qxe2 Nd4 13. Nxd4 cxd4 14. Bd2 f5 15.
exf5 gxf5 16. Qh5+ Kf8 17. Rae1 a5 18. a4 b4 19. Rf3 Qe8 20. Qh4 Qe7 21. Qf2 Bb7
22. Rg3 Bf6 23. Rh3 Rg8 24. g3 Kg7 25. Qe2 Kh8 26. Qh5 Rg7 27. Kf2 Qd6 28. Rg1
Qe7 29. g4 fxg4 30. Rxg4 Rxg4 31. Qxg4 Rg8 32. Qh5 Rg2+ 33. Ke1 Bc6 34. Kd1 Qg7
35. Qe8+ Qg8 36. Qxg8+ Kxg8 37. Rg3+ Kf7 38. Rxg2 Bxg2 39. Ke2 Bc6 40. Be1 Kg6
41. Bf2 Kf5 42. Bg3 h5 43. h3 h4 44. Bh2 Bg2 45. Bc4 Bxh3 46. Bb5 Bg4+ 47. Ke1
d6 48. Bd7 Bf3 49. Kd2 Bd5 50. c4 bxc3+ 51. bxc3 dxc3+ 52. Kc2 Kg4 53. f5 {White
resigns} 0-1

[Event "Team 45 45 League T24"]
[Site "Internet Chess Club"]
[Date "2004.10.10"]
[Round "4"]
[White "trevor21"]
[Black "Plattner"]
[Result "1-0"]
[WhiteElo "2191"]
[BlackElo "1806"]
[TimeControl "2700+45"]

1. d4 Nf6 2. c4 e6 3. Nc3 Bb4 4. a3 Bxc3+ 5. bxc3 c5 6. f3 d5 7. cxd5 exd5 8.
Bg5 Qa5 9. Qd2 cxd4 10. cxd4 Qxd2+ 11. Kxd2 Nc6 12. e3 Nd7 13. Bb5 Nb6 14. Ne2
f6 15. Bf4 Nc4+ 16. Bxc4 dxc4 17. Nc3 Kf7 18. Rab1 Na5 19. Rb4 b6 20. Nb5 Bd7
21. Nd6+ Ke7 22. Nxc4 Nxc4+ 23. Rxc4 Rhc8 24. Rhc1 Rxc4 25. Rxc4 Rc8 26. Rb4 g5
27. Bg3 f5 28. e4 g4 29. d5 Rc5 30. Kd3 Bb5+ 31. Kd4 fxe4 32. fxe4 Bf1 33. Rb2
Rc4+ 34. Ke3 Rc3+ 35. Kf4 h5 36. Bh4+ Kd6 37. Bf6 Rc4 38. Rd2 Rc8 39. e5+ Kd7
40. e6+ Kd6 41. Be5+ Ke7 42. Ke4 Bb5 43. Rf2 Be8 44. Rf6 Rc2 45. d6+ Kd8 46. Rf8
Re2+ 47. Kf5 Rf2+ 48. Kg5 {Black resigns} 1-0

[Event "Team 45 45 League T24"]
[Site "Internet Chess Club"]
[Date "2004.09.30"]
[Round "4"]
[White "BillyNoMates"]
[Black "siddhu"]
[Result "1/2-1/2"]
[WhiteElo "1739"]
[BlackElo "1850"]
[TimeControl "2700+45"]

1. e4 e5 2. Nf3 Nc6 3. Bb5 a6 4. Ba4 d6 5. d4 b5 6. Bb3 Nxd4 7. Nxd4 exd4 8. Bd5
Rb8 9. Qxd4 Nf6 10. O-O Nxd5 11. exd5 f6 12. Re1+ Be7 13. Qe4 Kf7 14. Nd2 Bd7
15. Nb3 f5 16. Qf3 Bf6 17. c3 Re8 18. Bd2 Rxe1+ 19. Rxe1 Qf8 20. Nd4 Bxd4 21.
cxd4 Re8 22. Rc1 Qe7 23. Kf1 Rc8 24. Ba5 Qd8 25. Re1 Qf6 26. Qh5+ Kg8 27. Qd1 c6
28. dxc6 Rxc6 29. d5 Rc5 30. Bc3 Qf7 31. Re3 Qxd5 32. Qxd5+ Rxd5 33. Re7 Bc6 34.
Rxg7+ Kf8 35. Rxh7 Rd1+ 36. Ke2 Ra1 37. f3 Rxa2 38. Rc7 b4 39. Bd4 Bb5+ 40. Kf2
a5 41. h4 a4 42. Rb7 a3 43. Rxb5 axb2 {Game drawn by mutual agreement} 1/2-1/2

[Event "Team 45 45 League T24"]
[Site "Internet Chess Club"]
[Date "2004.09.29"]
[Round "4"]
[White "swingdoc"]
[Black "Malcolm"]
[Result "0-1"]
[WhiteElo "1631"]
[BlackElo "1695"]
[TimeControl "2700+45"]

1. e4 e5 2. Nf3 Nc6 3. Bc4 Nf6 4. d4 Nxe4 5. dxe5 Nc5 6. O-O Be7 7. Nc3 O-O 8.
Nd5 Ne6 9. Nxe7+ Qxe7 10. b3 Re8 11. Re1 b6 12. Bb2 Bb7 13. Nd2 Ncd4 14. Qh5
Nxc2 15. Bd3 g6 16. Qg4 Nxa1 17. Bxa1 Qg5 18. Qxg5 Nxg5 19. f4 Ne6 20. Ne4 Bxe4
21. Bxe4 Rad8 22. g3 d5 23. Bd3 c5 24. Bb5 Re7 25. Bb2 d4 26. Kf2 Nc7 27. Bd3 f6
28. exf6 Rxe1 29. Kxe1 Nd5 30. Kf2 Nxf6 {White resigns} 0-1

[Event "Team 45 45 League T24"]
[Site "Internet Chess Club"]
[Date "2004.10.01"]
[Round "4"]
[White "fernbap"]
[Black "swingdoc"]
[Result "0-1"]
[WhiteElo "1712"]
[BlackElo "1652"]
[TimeControl "2700+45"]

1. Nf3 c5 2. c4 g6 3. Nc3 Nc6 4. g3 Bg7 5. Bg2 Nf6 6. O-O O-O 7. d3 e6 8. Bg5 h6
9. Be3 d6 10. Qd2 Ng4 11. Rab1 Nxe3 12. fxe3 Bd7 13. d4 Na5 14. b3 b6 15. Rfd1
Bc6 16. Qc2 Qe7 17. e4 cxd4 18. Nxd4 Bb7 19. e3 Nc6 20. Nce2 Ne5 21. Qc3 Rac8
22. Qb4 Rfd8 23. Nc2 Qc7 24. Ned4 Qc5 25. Qd2 a6 26. Rbc1 Qc7 27. Ne1 Ng4 28.
Nd3 Nf6 29. Nf2 Qb8 30. Ne2 h5 31. Nf4 Qa8 32. Qd3 b5 33. c5 dxc5 34. Qb1 Rxd1+
35. Rxd1 c4 36. bxc4 Rxc4 37. Ne2 Nxe4 38. Nxe4 Bxe4 39. Bxe4 Rxe4 40. Kf2 Rc4
41. Qd3 Qc8 42. Kf1 a5 43. Nd4 Bxd4 44. exd4 b4 45. d5 Rc3 46. Qd4 Qc4+ 47. Qxc4
Rxc4 48. d6 Rc8 49. d7 Rd8 50. Rd4 Kf8 51. Ke2 Ke7 52. Kd3 Rxd7 53. Rxd7+ Kxd7
54. Kc4 Kc6 {White resigns} 0-1

[Event "Team 45 45 League T24"]
[Site "Internet Chess Club"]
[Date "2004.10.04"]
[Round "4"]
[White "jmc860"]
[Black "gessie7"]
[Result "0-1"]
[WhiteElo "1562"]
[BlackElo "1614"]
[TimeControl "2700+45"]

1. e4 c5 2. Nc3 Nc6 3. g3 Nf6 4. d3 e6 5. Bg2 Be7 6. Nge2 d5 7. exd5 exd5 8. O-O
Bg4 9. Bg5 Nd4 10. Kh1 Nxe2 11. Nxe2 h6 12. Bf4 O-O 13. Re1 b5 14. Qd2 Qb6 15.
c4 bxc4 16. dxc4 Ne4 17. Bxe4 dxe4 18. Nc3 Bf3+ 19. Kg1 Qe6 20. Nd5 Rad8 21. Re3
Qh3 22. Rxf3 exf3 23. Nxe7+ Kh7 24. Qc2+ g6 25. Qe4 Qg2# {White checkmated} 0-1

[Event "Team 45 45 League T24"]
[Site "Internet Chess Club"]
[Date "2004.10.02"]
[Round "4"]
[White "reijo"]
[Black "Rainbird"]
[Result "0-1"]
[WhiteElo "1538"]
[BlackElo "1595"]
[TimeControl "2700+45"]

1. d4 d5 2. Nf3 Nf6 3. e3 c5 4. c3 Qc7 5. Bd3 Bg4 6. Nbd2 Nc6 7. dxc5 e5 8. e4
Bxc5 9. exd5 Nxd5 10. Ne4 Bb6 11. O-O f5 12. Neg5 e4 13. Re1 O-O-O 14. Ne6 Qd6
15. Nxd8 Rxd8 16. Bxe4 fxe4 17. Rxe4 Nf6 18. Qxd6 Bxf2+ 19. Kf1 Rxd6 20. Re2 Bb6
21. Bf4 Rd7 22. h3 Bxf3 23. gxf3 Rd3 24. Kg2 Nd5 25. Bh2 Ne3+ 26. Kh1 Ne7 27.
Bg1 N7f5 28. Bxe3 Ng3+ 29. Kg2 Nxe2 30. Bxb6 axb6 31. Re1 Rd2 32. Kf1 Ng3+ 33.
Kg1 Re2 34. Rxe2 Nxe2+ 35. Kf2 Nf4 36. Kg3 Nd3 37. b3 Kd7 38. Kg4 Ke6 39. Kg5
Ke5 40. a3 Nf4 41. Kg4 h6 42. h4 g6 43. a4 Ne6 44. b4 Kd5 45. f4 Ke4 46. f5
gxf5+ 47. Kh5 f4 48. Kxh6 f3 49. Kg6 f2 50. h5 f1=Q {White resigns} 0-1

[Event "Team 45 45 League T24"]
[Site "Internet Chess Club"]
[Date "2004.10.05"]
[Round "4"]
[White "Huskey"]
[Black "JesterFox"]
[Result "1/2-1/2"]
[WhiteElo "1576"]
[BlackElo "1495"]
[TimeControl "2700+45"]

1. e4 e5 2. Nf3 Nf6 3. d4 exd4 4. e5 Bb4+ 5. Bd2 Bxd2+ 6. Qxd2 Nd5 7. Qxd4 Nb6
8. Bd3 Nc6 9. Qg4 g6 10. O-O d6 11. Qf4 dxe5 12. Re1 O-O 13. Nxe5 Nxe5 14. Rxe5
Qd6 15. Nc3 Nd7 16. Re4 Qxf4 17. Rxf4 c6 18. Re1 Nc5 19. Re7 Nxd3 20. cxd3 f5
21. Rh4 h5 22. Rd4 b5 23. Rd6 Ba6 24. Rxg6+ Kh8 25. Rh6+ Kg8 26. Rg6+ Kh8 27.
Rh6+ Kg8 28. Rg6+ Kh8 29. Rh6+ {Game drawn by repetition} 1/2-1/2

[Event "Team 45 45 League T24"]
[Site "Internet Chess Club"]
[Date "2004.10.04"]
[Round "4"]
[White "TrueBraveheart"]
[Black "rph"]
[Result "1/2-1/2"]
[WhiteElo "1617"]
[BlackElo "1746"]
[TimeControl "2700+45"]

1. e4 c6 2. d4 d5 3. exd5 cxd5 4. g3 Nf6 5. c3 Nc6 6. Bg2 e6 7. Nf3 Bd6 8. O-O
b5 9. Bg5 O-O 10. Qd2 Ne4 11. Bxd8 Nxd2 12. Nbxd2 Rxd8 13. Nb3 Rb8 14. Rac1 Bd7
15. h4 Rdc8 16. Rfe1 a5 17. Ne5 Nxe5 18. dxe5 a4 19. Nd4 Be7 20. a3 h6 {Game
drawn by mutual agreement} 1/2-1/2

[Event "Team 45 45 League T24"]
[Site "Internet Chess Club"]
[Date "2004.10.02"]
[Round "4"]
[White "hoyd"]
[Black "Lyko"]
[Result "1-0"]
[WhiteElo "1623"]
[BlackElo "1619"]
[TimeControl "2700+45"]

1. c4 e6 2. Nf3 d5 3. cxd5 Qxd5 4. g3 Bc5 5. Bg2 Qd8 6. O-O Nf6 7. Nc3 O-O 8. b3
Nc6 9. Bb2 Bd7 10. Rc1 Bb6 11. Na4 Nd5 12. Nxb6 axb6 13. a4 Na5 14. Qc2 Bc6 15.
b4 Nxb4 16. Qc3 f6 17. Qxb4 Qd5 18. d3 Nb3 19. Rc4 Bxa4 20. Rxc7 b5 21. Nd4 Qd8
22. Nxe6 Qb8 23. Rxg7+ Kh8 24. Rxb7 Qe8 25. Ng5 Qxe2 26. Rxh7+ Kg8 27. Bd5+ Rf7
28. Bxf7# {Black checkmated} 1-0

[Event "Team 45 45 League T24"]
[Site "Internet Chess Club"]
[Date "2004.10.02"]
[Round "4"]
[White "JLMOE"]
[Black "olymon"]
[Result "1-0"]
[WhiteElo "1445"]
[BlackElo "1364"]
[TimeControl "2700+45"]

1. b3 c5 2. Bb2 d5 3. e3 Nc6 4. Bb5 Bd7 5. Be2 Nf6 6. Nf3 Qc7 7. d4 e6 8. Nbd2
Be7 9. c4 Rc8 10. Ne5 cxd4 11. exd4 O-O 12. O-O Na5 13. Rc1 dxc4 14. Ndxc4 Nxc4
15. Bxc4 Bd6 16. Bb5 Qd8 17. Rxc8 Qxc8 18. Bxd7 Nxd7 19. Qc1 Nxe5 20. dxe5 Bc7
21. Rd1 Qb8 22. f4 a6 23. Kf1 Rc8 24. Qe3 b5 25. Ba3 Bb6 26. Qe4 Qa7 27. Qd3 g6
28. Bd6 Bg1 29. Qe2 Bxh2 30. Qf2 Qxf2+ 31. Kxf2 Bxf4 32. g3 Rc2+ 33. Kf3 Bg5 34.
a4 bxa4 35. bxa4 Ra2 36. Rd4 Kg7 37. Kg4 f6 38. Rc4 h5+ 39. Kh3 fxe5 40. Bxe5+
Kf7 41. Rc7+ Ke8 42. Ra7 Rxa4 43. Bd6 Rd4 44. Rxa6 Rd3 45. Bc7 Kd7 46. Ra7 Bd8
47. Bf4+ Kc6 48. Rg7 Bc7 49. Rxc7+ Kb5 50. Rg7 Rd5 51. Rxg6 Kc4 52. Rxe6 Rd1 53.
Kg2 Rd4 54. Rh6 Rd5 55. Kh3 Kd4 56. Kh4 Ke4 57. Rxh5 Rxh5+ 58. Kxh5 Kf5 59. Bc1
Kf6 60. g4 Kg7 61. g5 Kh7 62. Bb2 Kg8 63. Kh6 Kf7 64. Kh7 {Black resigns} 1-0

[Event "Team 45 45 League T24"]
[Site "Internet Chess Club"]
[Date "2004.10.04"]
[Round "4"]
[White "EdBorowski"]
[Black "SpanishFly"]
[Result "1-0"]
[WhiteElo "2039"]
[BlackElo "1972"]
[TimeControl "2700+45"]

1. Nf3 Nf6 2. d4 g6 3. Bf4 Bg7 4. e3 d6 5. Be2 O-O 6. O-O Nbd7 7. h3 Qe8 8. c4
e5 9. Bh2 Qe7 10. Nc3 c6 11. d5 a5 12. dxc6 bxc6 13. Qd2 Ne8 14. e4 f5 15. exf5
gxf5 16. Rad1 Nc5 17. Rfe1 Kh8 18. Bf1 Qf7 19. Bg3 Rg8 20. Bh4 Bf6 21. Bxf6+
Qxf6 22. Kh2 Ne6 23. a3 a4 24. g3 Qg7 25. Ne2 Ba6 26. Qb4 Nc5 27. Bg2 Ne4 28.
Qb6 N8f6 29. Nh4 Qg5 30. Qxc6 Nxf2 31. Rxd6 N6e4 32. Nf3 Qg7 33. Rd7 Qf8 34.
Nxe5 Rg7 35. Nf7+ Kg8 36. Nh6+ Kh8 37. Rxg7 Kxg7 38. Nf4 Kh8 39. Nxf5 Rc8 40.
Qxa6 Qxf5 41. Bxe4 Nxe4 42. Rxe4 Rd8 43. Re2 Rg8 44. Qe6 Qg5 45. Qe5+ {Black
resigns} 1-0

[Event "Team 45 45 League T24"]
[Site "Internet Chess Club"]
[Date "2004.10.04"]
[Round "4"]
[White "Rhand"]
[Black "nakedking"]
[Result "0-1"]
[WhiteElo "1886"]
[BlackElo "1914"]
[TimeControl "2700+45"]

1. e4 c5 2. Nf3 Nc6 3. c4 e6 4. Nc3 Nge7 5. Be2 d5 6. exd5 exd5 7. d4 Be6 8.
cxd5 Nxd5 9. Nxd5 Qxd5 10. dxc5 Bxc5 11. Qxd5 Bxd5 12. O-O O-O 13. Bf4 Rfe8 14.
Bb5 a6 15. Ba4 Re2 16. Rac1 Ba7 17. Rfd1 Rxf2 {White resigns} 0-1

[Event "Team 45 45 League T24"]
[Site "Internet Chess Club"]
[Date "2004.10.01"]
[Round "4"]
[White "jimul"]
[Black "evorg"]
[Result "0-1"]
[WhiteElo "1625"]
[BlackElo "1819"]
[TimeControl "2700+45"]

1. d4 f5 2. Nc3 Nf6 3. Bg5 e6 4. e4 Bb4 5. e5 Bxc3+ 6. bxc3 h6 7. Bxf6 gxf6 8.
Qh5+ Kf8 9. Bc4 fxe5 10. dxe5 Qg5 11. Qxg5 hxg5 12. Nf3 g4 13. Nd4 c5 14. Nb5 a6
15. Nd6 Ke7 16. h4 b5 17. Be2 Nc6 18. g3 Nxe5 19. Nxc8+ Raxc8 20. Kd2 c4 21. Ke3
d5 22. a3 Nd7 23. f3 gxf3 24. Bxf3 Rcg8 25. Kf2 Nc5 26. Rhe1 Kd6 27. Rad1 f4 28.
Rg1 Na4 29. Rd4 fxg3+ 30. Rxg3 Rxg3 31. Kxg3 Nxc3 32. h5 Nb1 33. Rh4 Nxa3 34.
Bd1 b4 35. Kf3 b3 36. cxb3 c3 37. Rh2 c2 38. Bxc2 Nxc2 39. Rxc2 Rxh5 40. Kg4 Rh8
41. b4 Rb8 42. Rb2 a5 43. b5 Kc5 44. Rc2+ Kd4 45. Rb2 Kc3 46. Re2 Rb6 47. Kf3
Kb4 48. Rb2+ Kc5 {White resigns} 0-1

[Event "Team 45 45 League T24"]
[Site "Internet Chess Club"]
[Date "2004.10.05"]
[Round "4"]
[White "IAMC"]
[Black "trikmamak"]
[Result "0-1"]
[WhiteElo "2055"]
[BlackElo "2188"]
[TimeControl "2700+45"]

1. e4 e6 2. d4 d5 3. e5 c5 4. c3 Qd7 5. f4 b6 6. Bd3 Ba6 7. Nf3 Ne7 8. O-O h5 9.
g3 Bxd3 10. Qxd3 Nf5 11. a3 c4 12. Qe2 Nc6 13. Be3 Na5 14. Nbd2 Be7 15. Bf2 Qa4
16. h3 O-O-O 17. Rab1 Kb7 18. Rfc1 Rc8 19. Kg2 g6 20. Nf1 Qd7 21. Ne3 Nb3 22.
Rd1 a5 23. Nd2 a4 24. Nxb3 axb3 25. Nf1 Rcg8 26. h4 Ra8 27. Nd2 Nh6 28. Nf3 Ng4
29. Rh1 Qe8 30. Nh2 Nh6 31. g4 hxg4 32. Nxg4 Nxg4 33. Qxg4 Rh5 34. Rh2 Qh8 35.
Kf3 Qh7 36. Ra1 Rh8 37. Rah1 g5 38. fxg5 Bxg5 39. hxg5 Rxh2 40. g6 Rxf2+ 41.
Kxf2 Qxh1 {White resigns} 0-1

[Event "Team 45 45 League T24"]
[Site "Internet Chess Club"]
[Date "2004.10.04"]
[Round "4"]
[White "boffin"]
[Black "azbycx"]
[Result "1-0"]
[WhiteElo "2003"]
[BlackElo "1891"]
[TimeControl "2700+45"]

1. e4 c5 2. Nc3 Nc6 3. f4 g6 4. Nf3 Bg7 5. Bb5 Nd4 6. O-O Qb6 7. a4 e6 8. d3 Ne7
9. Nxd4 Bxd4+ 10. Kh1 a6 11. Bc4 Nc6 12. Qe1 O-O 13. Ne2 Bg7 14. c3 Na5 15. Ba2
Nb3 16. Bxb3 Qxb3 17. Qd2 Qb6 18. Ng3 d6 19. f5 f6 20. fxg6 hxg6 21. Qe2 e5 22.
Be3 Be6 23. Qd2 Qc7 24. b4 Rf7 25. b5 a5 26. d4 Rd8 27. Rad1 Bb3 28. Ra1 Be6 29.
Rab1 b6 30. Qd3 cxd4 31. cxd4 Bc4 32. Qd2 Bxf1 33. Rxf1 Rc8 34. d5 Qc5 35. Bxc5
{Black resigns} 1-0

[Event "Team 45 45 League T24"]
[Site "Internet Chess Club"]
[Date "2004.10.03"]
[Round "4"]
[White "LeonieHelm"]
[Black "deathmage"]
[Result "1-0"]
[WhiteElo "1817"]
[BlackElo "1715"]
[TimeControl "2700+45"]

1. e4 e6 2. d3 d5 3. Nd2 c5 4. g3 Bd6 5. Bg2 Ne7 6. f4 f6 7. Qg4 O-O 8. Ngf3 e5
9. f5 Nbc6 10. h4 dxe4 11. dxe4 Nb4 12. Kd1 b5 13. a3 Na6 14. Bf1 c4 15. a4 Qa5
16. h5 Bb7 17. h6 Rf7 18. axb5 Qxa1 19. Bxc4 g5 20. Nxg5 fxg5 21. Qxg5+ Kf8 22.
Bxf7 Kxf7 23. Qg7+ Ke8 24. bxa6 Qxa6 25. f6 Nf5 26. f7+ Kd7 27. exf5 Bxh1 28.
f8=Q+ {Black resigns} 1-0

[Event "Team 45 45 League T24"]
[Site "Internet Chess Club"]
[Date "2004.10.03"]
[Round "4"]
[White "gartman"]
[Black "Pick"]
[Result "1/2-1/2"]
[WhiteElo "1746"]
[BlackElo "1679"]
[TimeControl "2700+45"]

1. e4 e6 2. d4 d5 3. Nc3 dxe4 4. Nxe4 Nf6 5. Nxf6+ gxf6 6. Nf3 c5 7. Bb5+
Bd7 8. Bxd7+ Qxd7 9. O-O Nc6 10. dxc5 Bxc5 11. Bh6 Bf8 12. Bxf8 Rxf8 13. Qe2
O-O-O 14. Rfd1 Qe7 15. Qc4 Rxd1+ 16. Rxd1 Rd8 17. Rxd8+ Qxd8 18. Kf1 Qd1+
19. Ne1 Kb8 20. Qd3 Qxd3+ 21. Nxd3 Kc7 22. g3 Kd6 23. Kg2 e5 24. c3 f5 25.
Kh3 e4 26. Nf4 Ne5 27. Nh5 Ng4 28. Kg2 e3 29. fxe3 Nxe3+ 30. Kf3 Nd1 31. Kf4
Nxb2 32. Ng7 Nd1 33. c4 Nc3 34. Nxf5+ Ke6 35. Nd4+ Kf6 36. a3 Na4 37. Nb5 a6
38. Nd6 b6 39. Ke4 Ke6 40. Nb7 Kd7 41. Kd5 Nc3+ 42. Kd4 Nb1 43. c5 b5 44.
Nd6 Nxa3 45. Nxf7 Nc4 46. Ng5 h6 47. Ne4 a5 48. h3 a4 49. g4 a3 50. Nc3 Kc6
51. h4 Nd2 52. Ke3 Nc4+ 53. Kd4 Nd2 54. Ke3 Nb1 55. Na2 Kxc5 56. g5 b4 57.
gxh6 Nc3 58. Nxc3 bxc3 59. h7 a2 60. h8=Q a1=Q 61. Qd4+ Kc6 62. Kd3 Qd1+ 63.
Kxc3 Qxd4+ 64. Kxd4 Kd6 65. Ke4 Ke6 66. Kf4 Kf6 67. Kg4 Kg6 68. h5+ Kh6 69.
Kh4 Kh7 70. Kg5 Kh8 71. Kh6 Kg8 72. Kg6 Kh8 {Game drawn by mutual agreement}
1/2-1/2

>****************************************************************************
>You have joined channel 165, the chess.fm channel. Replays of previous programs are at http://chess.fm . To leave channel 165, type simply "-ch 165".
>****************************************************************************

[Event "Team 45 45 League T24"]
[Site "Internet Chess Club"]
[Date "2004.10.02"]
[Round "4"]
[White "Ciclamino"]
[Black "PostMike"]
[Result "0-1"]
[WhiteElo "1567"]
[BlackElo "1589"]
[TimeControl "2700+45"]

1. e4 e5 2. Bc4 Nc6 3. Nc3 Nf6 4. d3 Na5 5. Qf3 Nxc4 6. dxc4 d6 7. Nge2 Be7 8.
h3 O-O 9. O-O Be6 10. b3 a5 11. a4 Bd7 12. Ba3 Bc6 13. Ng3 h6 14. Rfd1 Nh7 15.
Nd5 Bg5 16. Qg4 Bd7 17. Qf3 Nf6 18. Nf5 Nxd5 19. cxd5 g6 20. Ng3 b5 21. axb5
Bxb5 22. c4 Bd7 23. Rdb1 Bd2 24. Bc1 Bxc1 25. Rxc1 a4 26. b4 c6 27. Ra3 cxd5 28.
cxd5 Kg7 29. Qd3 Qb6 30. Rb1 Rfc8 31. Qd1 Rc4 32. Qd2 Rac8 33. Ra2 Bb5 34. Rba1
Rd4 35. Qe3 Qc7 36. f4 Qc3 37. Qxc3 Rxc3 38. Ne2 Bxe2 39. Rxe2 Rxb4 40. fxe5
dxe5 41. Kf2 a3 42. Rea2 Rb2+ 43. Rxb2 axb2 44. Rb1 Rc2+ 45. Kf3 Kf8 46. g3 Ke7
47. Ke3 Kd6 48. Kd3 Rh2 49. Ke3 f5 50. h4 fxe4 51. Kxe4 Re2+ 52. Kd3 Rg2 53. Kc3
Kxd5 54. Rd1+ Ke6 55. Rb1 e4 56. Kd4 Re2 57. g4 h5 58. g5 Kf5 59. Rf1+ Kg4 60.
Rg1+ Kxh4 61. Rh1+ Kxg5 62. Rg1+ Kf6 63. Rf1+ Kg7 64. Rb1 g5 {White resigns} 0-1

[Event "Team 45 45 League T24"]
[Site "Internet Chess Club"]
[Date "2004.10.04"]
[Round "4"]
[White "Bookkeeper"]
[Black "SeniorCitizen"]
[Result "0-1"]
[WhiteElo "1480"]
[BlackElo "1470"]
[TimeControl "2700+45"]

1. d4 d5 2. Nf3 Nc6 3. e3 e6 4. c3 Nf6 5. Bd3 g6 6. O-O Bg7 7. Nbd2 O-O 8. Re1
Qd6 9. e4 dxe4 10. Nxe4 Nxe4 11. Rxe4 e5 12. dxe5 Nxe5 13. Nxe5 Bxe5 14. h3 Bf5
15. Bh6 Bxe4 16. Bxf8 Qxd3 17. Qxd3 Bxd3 18. Rd1 Kxf8 19. Rxd3 Ke7 20. Kf1 Rd8
21. Re3 Ke6 22. f4 Rd5 23. fxe5 Rxe5 24. Rxe5+ Kxe5 25. Ke2 Ke4 26. a4 b6 27. b4
a6 28. h4 a5 29. b5 h5 30. Kd2 f6 31. Ke2 g5 32. hxg5 fxg5 33. Kd2 h4 34. Ke2 g4
35. Kd2 h3 36. Ke2 {White resigns} 0-1

[Event "Team 45 45 League T24"]
[Site "Internet Chess Club"]
[Date "2004.10.04"]
[Round "4"]
[White "Traho"]
[Black "chesskix"]
[Result "1/2-1/2"]
[WhiteElo "1372"]
[BlackElo "1507"]
[TimeControl "2700+45"]

1. e4 Nc6 2. Nf3 e6 3. d4 d5 4. Nbd2 Nf6 5. e5 Ne4 6. c3 Nxd2 7. Bxd2 Be7 8. Bd3
O-O 9. O-O a6 10. Qc1 g6 11. Bh6 Re8 12. Ng5 Bf8 13. Qf4 Qe7 14. Bxf8 Rxf8 15.
Qh4 h5 16. f4 Kg7 17. Rf2 Rh8 18. Raf1 Bd7 19. Nf3 Qxh4 20. Nxh4 Ne7 21. Rf3 Nf5
22. Bxf5 exf5 23. Re1 a5 24. Rc1 b5 25. a3 a4 26. Rg3 Kh7 27. Nf3 Kg8 28. Kf2
{Game drawn by mutual agreement} 1/2-1/2